 Dungeon Crawl Stone Soup version 0.30-a0-738-g116ff8c4af (webtiles) character file.

Game seed: 271731210149667409

18 Strat the Cudgeller (level 2, -3/19 (23) HPs)
             Began as a Barachi Reaver on Feb 3, 2023.
             Slain by Sigmund
             ... wielding a +1 scythe of protection
              (8 damage)
             ... on level 2 of the Dungeon.
             The game lasted 00:01:54 (801 turns).

Strat the Cudgeller (Barachi Reaver)                 Turns: 801, Time: 00:01:54

HP:   -3/19 (23)    AC:  4    Str: 13    XL:     2   Next: 66%
MP:   2/5           EV: 11    Int: 13    God:
Gold: 30            SH:  0    Dex: 10    Spells: 2/5 levels left

rFire   . . .      SeeInvis .    a - +0 mace
rCold   . . .      Faith    .    (no shield)
rNeg    . . .      Spirit   .    b - +0 leather armour
rPois   .          Reflect  .    c - +0 helmet
rElec   .          Harm     .    i - scarf {+Inv}
rCorr   .          Rampage  .    (no gloves)
Will    .....                    (no boots) Stlth
                                 (no amulet)
HPRegen 0.23/turn                (no ring)
MPRegen 0.09/turn                (no ring)

@: confused, heavily drained, slow
A: amphibious, slowness 1, strong legs 1, +LOS
a: Hop, Evoke Invisibility


You were on level 2 of the Dungeon.
You visited 1 branch of the dungeon, and saw 2 of its levels.

You collected 30 gold pieces.

Inventory:

Hand Weapons
 a - a +0 mace (weapon)
Armour
 b - a +0 leather armour (worn)
 c - a +0 helmet (worn)
 i - a scarf of invisibility (worn)
Scrolls
 f - a scroll of identify {unknown}
 g - a scroll of enchant weapon {unknown}
 h - a scroll of immolation {unknown}
Potions
 d - 2 potions of degeneration {unknown}
 e - a potion of flight {unknown}


   Skills:
 - Level 2.4 Fighting
 + Level 4.1 Maces & Flails
 - Level 2.1 Dodging
 - Level 2.1 Spellcasting
 + Level 3.4 Conjurations
 + Level 0.4 Translocations


You had 2 spell levels left.
You knew the following spells:

 Your Spells              Type           Power      Damage    Failure   Level
a - Kiss of Death         Conj/Necr      20%        2d7       16%         1
b - Momentum Strike       Conj/Tloc      12%        3d8       22%         2

Your spell library contained the following spells:

 Spells                   Type           Power      Damage    Failure   Level
 Hailstorm                Conj/Ice       5%         3d4       43%         3


Dungeon Overview and Level Annotations

Branches:
Dungeon (2/15)

Altars:

Annotations:
D:2 Sigmund


Innate Abilities, Weirdness & Mutations

You are amphibious.
You cover ground slowly.
You can hop short distances.
You have an extended range of vision and can be seen from far away.


Message History

Sigmund hits you with a +1 scythe of protection.
Casting: Momentum Strike (safe; 22% risk of failure)
Confirm with . or Enter, or press ? or * to list all spells.
Aiming: Kiss of Death (safe; 16% risk of failure)
Press: ? - help, Shift-Dir - straight line, f/p - Sigmund
Aim: Sigmund, wielding a +1 scythe of protection and wearing a +2 robe of cold resistance (heavily wounded, 100% to hit)
The negative energy hits Sigmund.
Sigmund is drained!
Sigmund is severely wounded.
You feel drained.
You hit Sigmund.
Sigmund is severely wounded.
Sigmund gestures at you while chanting.
You are confused.
You cannot move. (Use ctrl+direction or * direction to attack while stationary and confused.)
You cannot move. (Use ctrl+direction or * direction to attack while stationary and confused.)
You cannot move. (Use ctrl+direction or * direction to attack while stationary and confused.)
You cannot move. (Use ctrl+direction or * direction to attack while stationary and confused.)
You cannot move. (Use ctrl+direction or * direction to attack while stationary and confused.)
You closely miss Sigmund.
Sigmund is severely wounded.
Sigmund hits you with a +1 scythe of protection!
* * * LOW HITPOINT WARNING * * *
You swing at nothing.
You are no longer robbed of momentum.
Sigmund barely misses you.
You're too confused to attack without stumbling around!
You're too confused to attack without stumbling around!
You're too confused to attack without stumbling around!
You bump into the rock wall.
Sigmund mumbles some strange words.
Sigmund flickers and vanishes!
Deactivating autopickup; reactivate with Ctrl-A.
You miss something. Something hits you!
* * * LOW HITPOINT WARNING * * *
You are too injured to fight recklessly!
You miss something.
You hear some strange, mumbled words.
You are more confused.
You bump into the rock wall.
Something hits you!
You die...

.......# #.#......r....##
.#.#.#.####
####)...###........
..........#####.<...#...<...#
##.#.#...[....>..##...###.###
......................## ..#
######.##.†.......$..... ..@.
######.########.########
..### .......# #{#########.##
######## #.@.........#
#############


There were no monsters in sight!

Vanquished Creatures
  2 bats (D:1)
  5 endoplasms (D:1)
  A giant cockroach (D:1)
  A goblin (D:1)
  2 ball pythons
  3 frilled lizards (D:1)
  2 rats
16 creatures vanquished.

Notes
Turn   | Place    | Note
-------+----------+-------------------------------------------
     0 | D:1      | Strat the Barachi Reaver began the quest for the Orb.
     0 | D:1      | Reached XP level 1. HP: 17/17 MP: 3/3
   195 | D:1      | Reached XP level 2. HP: 23/23 MP: 5/5
   198 | D:1      | Learned a level 2 spell: Momentum Strike
   283 | D:1      | Reached skill level 4 in Maces & Flails
   683 | D:2      | Noticed Sigmund
   801 | D:2      | Slain by Sigmund

Illustrated notes

Levels and vault maps discovered:
D:1:      lightli_molten_gateway, layout_basic
D:2:      layout_loops_ring, shapermc_ecumenical_altar_mp_highgroup,
          uniq_sigmund

Skill      XL: |  1  2 |
---------------+-------+-----
Maces & Flails | 4 |  4.1
Fighting       | |  2.4
Dodging        | |  2.1
Spellcasting   | |  2.1
Conjurations   | |  3.4
Translocations | |  0.4

Action                     || total
---------------------------++-------
  Melee: Mace              ||    47
   Cast: Kiss of Death     ||     1
         Momentum Strike   ||     1
 Armour: Leather armour    ||    15
  Dodge: Dodged            ||    23

Table legend: (Time is in decaauts)
 A = Elapsed time spent in this place.
 B = Non-inter-level travel time spent in this place.
 C = Inter-level travel time spent in this place.
 D = Time resting spent in this place.
 E = Time spent auto-exploring this place.
 F = Levels seen in this place.
 G = Mean time per level.
                   A        B        C        D        E       F      G
               +--------+--------+--------+--------+--------+-----+--------+
         Total |    935 |    849 |     86 |     32 |    594 |   2 |  467.5 |
       Dungeon |    935 |    849 |     86 |     32 |    594 |   2 |  467.5 |
               +--------+--------+--------+--------+--------+-----+--------+

Top non-repeatable levels by time:
     D:1: 862 daAuts
     D:2: 72 daAuts
